 Dungeon Crawl Stone Soup version 0.26-a0-651-gb41185065b (webtiles) character file.

Game seed: 16493056161270609655

213430 Apogee the Peltast (level 19, -19/149 HPs)
             Began as a Gnoll Wanderer on Oct 16, 2020.
             Was the Champion of Zin.
             Killed from afar by a deep elf sorcerer (34 damage)
             ... with damnation
             ... on level 3 of the Elven Halls.
             The game lasted 02:05:28 (65904 turns).

Apogee the Peltast (Gnoll Wanderer)                Turns: 65904, Time: 02:05:28

Health: -19/149    AC: 36    Str: 13    XL:     19   Next: 35%
Magic:  36/36      EV: 10    Int: 24    God:    Zin [******]
Gold:   157        SH:  5    Dex: 18    Spells: 45/45 levels left

rFire    . . .     SeeInvis .   a - +9 quarterstaff of Arrival {speed, +Rage +Fly rN+ MR+ Str-3}
rCold    + . .     Faith    .   (shield currently unavailable)
rNeg     + . .     Spirit   .   B - +9 plate armour "Leluh" {rElec Str-4 Int+8 Dex+2}
rPois    .         Reflect  +   y - +1 hat
rElec    +         Harm     .   j - scarf {+Inv}
rCorr    .         Rampage  .   X - +1 pair of gloves
MR       ++...                  F - +2 pair of boots {run}
Stlth    +.........             t - amulet of reflection
HPRegen  0.34/turn              o - ring of protection from cold
MPRegen  0.25/turn              W - +4 ring of protection

@: berserk cooldown, slowed, studying Shields, very slow
A: distributed training, antennae 1, fangs 1, strong nose
a: Recite, Vitalisation, Imprison, Sanctuary, Donate Gold, Renounce Religion,
Evoke Berserk Rage, Evoke Invisibility, Evoke Flight


You were on level 3 of the Elven Halls.
You worshipped Zin.
Zin was exalted by your worship.
You visited 7 branches of the dungeon, and saw 35 of its levels.
You visited 1 bazaar.

You collected 3182 gold pieces.
You spent 2769 gold pieces at shops.
You donated 256 gold pieces to Zin.

Inventory:

Hand Weapons
 a - the +9 quarterstaff of Arrival (weapon) {speed, +Rage +Fly rN+ MR+ Str-3}
   (You found it on level 8 of the Dungeon)

   Attacks with this weapon are significantly faster.
   It affects your strength (-3).
   It protects you from negative energy.
   It affects your resistance to hostile enchantments.
   It lets you fly.
   It lets you go berserk.
 b - a +7 fustibalus of flaming
   (You acquired it on level 1 of the Elven Halls)
Missiles
 i - 1038 arrows
 r - 17 javelins (quivered)
 G - a throwing net {!f}
 L - 106 stones
Armour
 j - a scarf of invisibility (worn)
   (You found it on level 1 of the Snake Pit)
 n - the cursed +1 ring mail "Teodikid" {rF+}
   (You took it off a deep elf master archer on level 3 of the Elven Halls)

   It protects you from fire.
   It has a curse placed upon it.
 y - a +1 hat (worn)
   (You found it on level 15 of the Dungeon)
 B - the +9 plate armour "Leluh" (worn) {rElec Str-4 Int+8 Dex+2}
   (You bought it in a shop on level 2 of the Orcish Mines)

   It affects your strength (-4).
   It affects your intelligence (+8).
   It affects your dexterity (+2).
   It insulates you from electricity.
 F - a +2 pair of boots of running (worn)
   (You bought it in a shop in a bazaar)
 X - a +1 pair of gloves (worn)
   (You found it on level 6 of the Lair of Beasts)
Jewellery
 l - an uncursed ring of protection from magic
   (You found it on level 2 of the Dungeon)
 o - a ring of protection from cold (left hand)
   (You found it on level 1 of the Lair of Beasts)
 p - an uncursed ring of positive energy
   (You found it on level 2 of the Dungeon)
 t - an amulet of reflection (around neck)
   (You bought it in a shop on level 3 of the Snake Pit)
 w - an uncursed ring of resist corrosion
   (You found it on level 3 of the Dungeon)
 S - the ring "Xarghefiw" {Fire rElec MR++ Str-3 Int-3 Dex+3}
   (You acquired it on level 15 of the Dungeon)

   [ring of fire]

   It enhances your fire magic.
   It affects your strength (-3).
   It affects your intelligence (-3).
   It affects your dexterity (+3).
   It protects you from fire.
   It makes you vulnerable to cold.
   It insulates you from electricity.
   It affects your resistance to hostile enchantments.
 W - a +4 ring of protection (right hand)
   (You found it on level 5 of the Lair of Beasts)
Wands
 c - a wand of disintegration (9)
   (You found it on level 12 of the Dungeon)
 u - a wand of paralysis (32)
   (You found it on level 6 of the Dungeon)
 v - a wand of digging (5)
   (You found it on level 6 of the Lair of Beasts)
 Q - a wand of enslavement (9)
   (You took it off a naga ritualist on level 3 of the Snake Pit)
Scrolls
 e - 2 scrolls of blinking
 f - 2 scrolls of fog
 g - 6 scrolls of immolation {!r}
 k - 4 scrolls of enchant armour
 m - 5 scrolls of teleportation {@r4}
 s - 9 scrolls of enchant weapon
 D - 4 scrolls of magic mapping
 I - a scroll of vulnerability {!r}
 J - 3 scrolls of brand weapon
 K - 4 scrolls of silence
 O - 3 scrolls of remove curse {@r2}
 R - 4 scrolls of amnesia
 T - 4 scrolls of fear
 U - 11 scrolls of identify {@r1}
 Z - 3 scrolls of holy word
Potions
 d - a potion of mutation
 h - 2 potions of might
 q - 3 potions of flight
 x - a potion of berserk rage
 z - 7 potions of brilliance
 C - 3 potions of magic
 E - 5 potions of haste {@q3}
 H - 9 potions of curing {@q1}
 M - 3 potions of cancellation
 N - a potion of ambrosia
Books
 Y - a manual of Shields {!d}
   (You found it on level 5 of the Lair of Beasts)
Miscellaneous
 V - a phantom mirror (inert)
   (You found it on level 4 of the Lair of Beasts)


   Skills:
 + Level 13.0 Fighting
 + Level 12.7 Short Blades
 + Level 12.7 Long Blades
 + Level 14.0 Axes
 + Level 12.7 Maces & Flails
 + Level 12.7 Polearms
 + Level 12.7 Staves
 + Level 12.7 Slings
 + Level 12.7 Bows
 + Level 12.7 Crossbows
 + Level 12.7 Throwing
 + Level 13.0 Armour
 + Level 12.7 Dodging
 + Level 13.3 Stealth
 + Level 15.1 Shields
 + Level 12.7 Unarmed Combat
 + Level 13.5 Spellcasting
 + Level 11.1 Conjurations
 + Level 10.9 Hexes
 + Level 10.9 Summonings
 + Level 10.9 Necromancy
 + Level 10.9 Translocations
 + Level 10.9 Transmutations
 + Level 10.9 Fire Magic
 + Level 10.9 Ice Magic
 + Level 10.9 Air Magic
 + Level 10.9 Earth Magic
 + Level 10.9 Poison Magic
 + Level 13.7 Invocations
 + Level 12.7 Evocations


You had 45 spell levels left.
You didn't know any spells.
Your spell library contained the following spells:

 Spells                   Type           Power        Failure   Level
 Shock                    Conj/Air       ####         1%          1
 Summon Small Mammal      Summ           ####         1%          1
 Call Imp                 Summ           ######..     2%          2
 Swiftness                Air            ######..     2%          2
 Call Canine Familiar     Summ           ######..     4%          3
 Static Discharge         Conj/Air       ######..     4%          3
 Summon Guardian Golem    Hex/Summ       ######..     4%          3
 Airstrike                Air            ######....   17%         4
 Summon Ice Beast         Ice/Summ       ######..     17%         4
 Summon Lightning Spire   Summ/Air       ######..     17%         4
 Lightning Bolt           Conj/Air       ######....   41%         5


Dungeon Overview and Level Annotations

Branches:
Dungeon (15/15)            Temple (1/1) D:4            Lair (6/6) D:9
 Shoals (4/4) Lair:4        Snake (4/4) Lair:3        Slime (0/5) Lair:6
    Orc (2/2) D:9             Elf (3/3) Orc:2        Vaults (0/5) D:13
 Depths (0/5) D:15

Altars:
Ashenzari
Cheibriados
Dithmenos
Elyvilon
Fedhas
Gozag
Hepliaklqana
Kikubaaqudgha
Makhleb
Nemelex Xobeh
Okawaru
Qazlal
Ru
Sif Muna
Trog
Uskayaw
Vehumet
Wu Jian
Xom
Yredelemnul
Zin
The Shining One
Beogh

Shops:
D:9 (   D:11 !   D:12 :   D:13 *   Orc:2 [(*[   Elf:3 (   Shoals:3 (
Snake:3 =

Portals:
Trove: D:14 (give 8 scrolls of fear)

Annotations:
D:5 1 runed translucent door, Crazy Yiuf
D:10 exclusion: 2 doors
Lair:4 exclusion: door
Elf:2 5 runed translucent doors


Innate Abilities, Weirdness & Mutations

Your experience applies equally to all skills.
You have very sharp teeth.
Your uncanny sense of smell can sniff out nearby items.
You have a pair of small antennae on your head.


Message History

Your deep elf blademaster misses the deep elf blademaster.
The deep elf mage barely misses your deep elf blademaster.
Your plate armour "Leluh" prevents you from hitting the deep elf blademaster.
The deep elf blademaster hits you with a +0 rapier!
* * * LOW HITPOINT WARNING * * *
The deep elf blademaster hits you with a +0 rapier!
* * * LOW HITPOINT WARNING * * *
You're still recovering from your berserk rage.
Unknown command.
You sock the deep elf blademaster!
You kill the deep elf blademaster!
The deep elf mage casts a spell at you.
The lance of force hits your deep elf blademaster!
Your deep elf blademaster is knocked back by the lance of force.
Your deep elf blademaster collides with you!
* * * LOW HITPOINT WARNING * * *
The battlesphere fires!
The barrage of energy hits your deep elf blademaster!
A deep elf high priest comes into view.
It is wielding a +1 trident of venom, wearing a +4 ring mail of magic resistance and wearing the cursed -3 kite shield "Roirgh" {-Cast rN+ Dex+4 SInv}.
There is an open door here.
Unknown command.
As you read the scroll of teleportation {@r4}, it crumbles to dust.
You feel strangely unstable.
Your deep elf blademaster hits the deep elf mage with a +0 rapier.
Your deep elf blademaster hits the deep elf mage with a +0 rapier!
The deep elf mage points at you and mumbles some strange words.
The magic dart hits you but does no damage.
A barrage of energy appears from out of your range of vision.
The barrage of energy hits your deep elf blademaster!
Your deep elf blademaster barely misses the deep elf mage.
Your deep elf blademaster hits the deep elf mage with a +0 rapier!
The deep elf mage dies!
Unknown command.
What are your orders? t - Bark!
Orders for allies: a - Attack new target. r - Retreat! s - Stop attacking. g - Guard the area. f - Follow me.
Anything else - Cancel.
Gang up on whom?
Aim: a deep elf high priest, wielding a +1 trident of venom, wearing a +4 ring mail of magic resistance and wearing the cursed -3 kite shield "Roirgh" {-Cast rN+ Dex+4 SInv} Attack!
Your surroundings suddenly seem different.
A deep elf sorcerer comes into view. It is wielding a +0 long sword.
The deep elf sorcerer shouts!
A deep elf archer comes into view.
It is wielding a +2 spectral quarterstaff.
The deep elf archer shouts!
You hear a shout! x2
The deep elf sorcerer casts a spell at you.
The sphere of damnation explodes!
The damnation engulfs you!!
You die...

## ##.# ##...##
##.(...##
#..e#.@.#
#...###......##
##...#........#
##............
##.......e...
##..........
##........# ..'
.......... ..#


You could see a deep elf sorcerer, a deep elf archer (repels missiles) and a +2
spectral quarterstaff (summoned).

Vanquished Creatures
  Vashnia (Snake:3)
  Jorgrun (Snake:2)
  A deep elf blademaster (Elf:3)
  A deep elf master archer (Elf:3)
  Polyphemus (Shoals:3)
  Kirke (D:13)
  Donald (Snake:2)
  8 deep elf sorcerers
  An orc warlord (D:9)
  Aizul (Snake:1)
  3 deep elf elementalists
  The ghost of donkeybrains the Cleaver, a journeyman GrFi of Gozag (Snake:1)
  3 deep elf annihilators (Elf:3)
  The ghost of Tiask the Severer, a journeyman MiFi of Hepliaklqana (Snake:1)
  The ghost of Ruidais the Bludgeoner, a journeyman MiFi of Okawaru (Lair:5)
  3 deep elf death magi
  An ettin (Orc:2)
  2 deep elf high priests
  Snorg (D:13)
  3 merfolk impalers
  Erolcha (Orc:2)
  An ice dragon (Lair:5)
  4 vault guards (D:13)
  Fannar (D:12)
  11 hydras
  7 naga warriors
  Erica (Lair:2)
  4 anacondas (Snake:3)
  A centaur warrior (D:13)
  2 merfolk avatars (Shoals:2)
  2 satyrs
  15 dancing weapons
  5 merfolk aquamancers
  22 two-headed ogres
  2 death yaks
  4 ogre magi (Orc:2)
  7 deep elf knights
  Sonja (D:10)
  5 shock serpents
  8 naga sharpshooters
  8 sea snakes
  3 unseen horrors
  4 naga ritualists
  7 deep elf archers
  Pikel (D:7)
  An orc knight (Orc:2)
  7 harpies
  33 deep elf magi
  4 wizards
  2 wolf spiders (Lair:6)
  10 mana vipers
  2 orc sorcerers
  7 ugly things
  2 cyclopes
  8 fauns
  3 salamanders (Snake:3)
  8 manticores
  8 naga magi
  29 black mambas
  3 elephants (Lair:4)
  5 merfolk sirens
  6 guardian serpents
  Maurice (D:12)
  4 molten gargoyles (D:14)
  Maggie (D:6)
  4 water nymphs
  A torpor snail (Lair:4)
  A gargoyle (D:14)
  15 cane toads
  2 rime drakes (Lair:6)
  3 demonic crawlers (Elf:3)
  10 komodo dragons
  A freezing wraith (D:13)
  17 merfolk
  8 trolls
  A jumping spider (shapeshifter) (Elf:2)
  2 hornets (Lair:6)
  2 raiju (Lair:6)
  3 meliai (D:13)
  16 polar bears
  A blink frog (shapeshifter) (D:15)
  A spectral dream sheep (Lair:5)
  6 blink frogs
  4 wind drakes
  4 slime creatures (D:15)
  15 hippogriffs
  6 snapping turtles
  Sigmund (D:6)
  A shadow (D:13)
  2 vampires
  4 redbacks (Lair:6)
  4 air elementals
  10 water elementals
  A fire elemental (Elf:3)
  4 hogs (D:13)
  9 wyverns (Lair:6)
  41 yaks
  A wraith (D:13)
  5 vampire mosquitoes
  3 basilisks
  6 wargs (Lair:6)
  20 nagas
  24 water moccasins
  2 spectral cane toads (Lair:5)
  An acid dragon (D:15)
  15 hell hounds
  30 orc warriors
  14 porcupines
  2 sky beasts
  2 necrophages
  5 ice beasts
  A boggart (Elf:1)
  A phantom (D:9)
  13 black bears
  A black mamba simulacrum (Lair:5)
  35 ogres
  30 wolves
  22 centaurs
  11 crocodiles
  A lemure (D:7)
  14 big kobolds
  Blork the orc (D:6)
  21 bullfrogs
  3 earth elementals
  5 gnoll sergeants
  2 wyvern skeletons
  7 scorpions
  2 water moccasin skeletons
  6 killer bees
  14 wights
  4 electric eels
  2 howler monkeys
  2 centaur zombies
  A quasit (D:8)
  16 orc priests
  5 hounds
  2 jellies
  29 orc wizards
  2 centaur skeletons
  A gnoll shaman (Orc:1)
  Ijyb (D:4)
  3 iguanas
  16 worker ants
  A hound zombie (D:6)
  A worker ant zombie (D:9)
  A howler monkey zombie (D:8)
  20 gnolls
  16 adders
  A shadow imp (D:6)
  2 white imps
  2 ufetubi (D:5)
  An adder zombie (D:6)
  4 worms
  8 leopard geckos
  117 orcs
  3 ball pythons
  4 giant cockroaches
  2 goblins (D:1)
  3 hobgoblins
  14 jackals
  3 quokkas
  A ball python skeleton (D:4)
  8 bats
  6 frilled lizards
  A jackal skeleton (D:4)
  28 kobolds
  2 leopard gecko skeletons
  5 rats
1165 creatures vanquished.

Vanquished Creatures (collateral kills)
  An ogre mage (D:15)
  An anaconda (Snake:3)
  3 two-headed ogres
  A deep elf mage (Elf:3)
  A black mamba (Snake:3)
  A water elemental (Shoals:2)
  An ogre (D:15)
9 creatures vanquished.

Vanquished Creatures (others)
  2 merfolk aquamancers (Shoals:3)
  2 humans (D:13)
  38 fungi
  165 plants
  4 tentacles (Shoals:3)
211 creatures vanquished.

Grand Total: 1385 creatures vanquished

Notes
Turn   | Place    | Note
-------+----------+-------------------------------------------
     0 | D:1      | Apogee the Gnoll Wanderer began the quest for the Orb.
     0 | D:1      | Apogee set off with the following items: a +2 hand axe, a
                  | +0 mace, a +0 ring mail, a +0 dagger
     0 | D:1      | Reached XP level 1. HP: 17/17 MP: 6/6
    70 | D:1      | Reached XP level 2. HP: 20/23 MP: 7/7
   418 | D:1      | Reached XP level 3. HP: 17/28 MP: 9/9
   588 | D:1      | Reached skill level 5 in Spellcasting
   877 | D:2      | Reached skill level 1 in Invocations
   882 | D:2      | Reached skill level 1 in Short Blades
   882 | D:2      | Reached skill level 1 in Long Blades
   882 | D:2      | Reached skill level 1 in Maces & Flails
   882 | D:2      | Reached skill level 1 in Polearms
   882 | D:2      | Reached skill level 1 in Staves
   882 | D:2      | Reached skill level 1 in Slings
   882 | D:2      | Reached skill level 1 in Bows
   882 | D:2      | Reached skill level 1 in Crossbows
   882 | D:2      | Reached skill level 1 in Throwing
   882 | D:2      | Reached skill level 1 in Dodging
   882 | D:2      | Reached skill level 1 in Shields
   882 | D:2      | Reached skill level 1 in Unarmed Combat
   882 | D:2      | Reached skill level 1 in Evocations
   887 | D:2      | Reached XP level 4. HP: 34/34 MP: 11/11
  1555 | D:3      | Reached skill level 1 in Hexes
  1555 | D:3      | Reached skill level 1 in Summonings
  1555 | D:3      | Reached skill level 1 in Necromancy
  1555 | D:3      | Reached skill level 1 in Translocations
  1555 | D:3      | Reached skill level 1 in Transmutations
  1555 | D:3      | Reached skill level 1 in Fire Magic
  1555 | D:3      | Reached skill level 1 in Ice Magic
  1555 | D:3      | Reached skill level 1 in Air Magic
  1555 | D:3      | Reached skill level 1 in Earth Magic
  1555 | D:3      | Reached skill level 1 in Poison Magic
  1728 | D:3      | Gained mutation: You have a pair of small antennae on your
                  | head. [potion of mutation]
  1728 | D:3      | Gained mutation: You possess an exceptional clarity of
                  | mind. [potion of mutation]
  1728 | D:3      | Gained mutation: You are robust. (+10% HP) [potion of
                  | mutation]
  1731 | D:3      | Reached XP level 5. HP: 9/44 MP: 12/12
  2697 | D:4      | Reached XP level 6. HP: 39/51 MP: 13/13
  2852 | D:4      | Reached skill level 2 in Shields
  3154 | D:4      | Noticed Ijyb
  3172 | D:4      | Killed Ijyb
  3375 | D:4      | Reached XP level 7. HP: 56/57 MP: 15/15
  4153 | D:4      | Found a staircase to the Ecumenical Temple.
  4311 | Temple   | Entered the Ecumenical Temple
  4628 | Temple   | Became a worshipper of Zin the Law-Giver
  4628 | Temple   | Reached * piety under Zin
  4726 | D:4      | Reached skill level 5 in Stealth
  4763 | D:4      | Found a bloodstained altar of Trog.
  4776 | D:5      | Entered Level 5 of the Dungeon
  5334 | D:5      | Found a glowing golden altar of the Shining One.
  5913 | D:5      | Found a blossoming altar of Fedhas.
  6021 | D:5      | HP: 2/58 [centaur (2)]
  6024 | D:5      | Reached XP level 8. HP: 3/66 MP: 16/16
  6305 | D:5      | Found a runed translucent door.
  6306 | D:5      | Noticed Crazy Yiuf
  6608 | D:6      | Reached skill level 3 in Shields
  6634 | D:6      | Noticed Sigmund
  6845 | D:6      | Noticed Blork the orc
  6858 | D:6      | Killed Blork the orc
  7064 | D:6      | Killed Sigmund
  7398 | D:6      | Reached XP level 9. HP: 31/72 MP: 18/18
  8015 | D:6      | Noticed Maggie
  8026 | D:6      | Killed Maggie
  8026 | D:6      | Reached skill level 4 in Shields
  8463 | D:7      | Reached skill level 5 in Fighting
  8463 | D:7      | Reached skill level 5 in Armour
  8659 | D:7      | Reached ** piety under Zin
  8966 | D:7      | Noticed Pikel
  9001 | D:7      | Killed Pikel
  9001 | D:7      | Reached skill level 5 in Invocations
  9835 | D:7      | Reached XP level 10. HP: 79/81 MP: 20/20
  9853 | D:7      | Found a hazy altar of Hepliaklqana.
 10437 | D:8      | Reached skill level 5 in Short Blades
 10437 | D:8      | Reached skill level 5 in Long Blades
 10437 | D:8      | Reached skill level 5 in Maces & Flails
 10437 | D:8      | Reached skill level 5 in Polearms
 10437 | D:8      | Reached skill level 5 in Staves
 10437 | D:8      | Reached skill level 5 in Slings
 10437 | D:8      | Reached skill level 5 in Bows
 10437 | D:8      | Reached skill level 5 in Crossbows
 10437 | D:8      | Reached skill level 5 in Throwing
 10437 | D:8      | Reached skill level 5 in Dodging
 10437 | D:8      | Reached skill level 5 in Shields
 10437 | D:8      | Reached skill level 5 in Unarmed Combat
 10437 | D:8      | Reached skill level 5 in Evocations
 11174 | D:8      | Reached *** piety under Zin
 11182 | D:8      | Got a bloodstained quarterstaff
 11991 | D:9      | Reached skill level 5 in Conjurations
 12274 | D:8      | You fall into a shaft and drop 2 floors!
 12274 | D:10     | Entered Level 10 of the Dungeon
 12625 | D:10     | Identified the +9 quarterstaff of Arrival {speed, +Rage
                  | +Fly rN+ MR+ Str-3} (You found it on level 8 of the
                  | Dungeon)
 12672 | D:10     | Reached XP level 11. HP: 14/91 MP: 22/22
 13182 | D:10     | Noticed Sonja
 13191 | D:10     | Killed Sonja
 13191 | D:10     | Reached skill level 6 in Shields
 13316 | D:10     | Reached skill level 5 in Hexes
 13316 | D:10     | Reached skill level 5 in Summonings
 13316 | D:10     | Reached skill level 5 in Necromancy
 13316 | D:10     | Reached skill level 5 in Translocations
 13316 | D:10     | Reached skill level 5 in Transmutations
 13316 | D:10     | Reached skill level 5 in Fire Magic
 13316 | D:10     | Reached skill level 5 in Ice Magic
 13316 | D:10     | Reached skill level 5 in Air Magic
 13316 | D:10     | Reached skill level 5 in Earth Magic
 13316 | D:10     | Reached skill level 5 in Poison Magic
 13888 | D:10     | Noticed a cyclops
 13935 | D:10     | Killed a cyclops
 14713 | D:11     | Noticed a two-headed ogre
 14719 | D:11     | Killed a two-headed ogre
 15064 | D:11     | Found Gittimom's Distillery.
 15335 | D:11     | Bought a potion of heal wounds for 65 gold pieces
 15335 | D:11     | Bought a potion of degeneration for 13 gold pieces
 15335 | D:11     | Bought a potion of cancellation for 104 gold pieces
 15335 | D:11     | Bought a potion of resistance for 130 gold pieces
 15550 | D:12     | Noticed Maurice
 16051 | D:12     | Found Wedyef's Book Emporium.
 16147 | D:12     | Noticed a cyan ugly thing
 16192 | D:12     | Killed a cyan ugly thing
 16479 | D:12     | Killed an unseen horror
 16691 | D:12     | Found a basalt altar of Yredelemnul.
 16740 | D:12     | Identified the +1 robe "Nupaj" {MR+ Slay+3 Stlth+}
 16748 | D:12     | Killed Maurice
 16865 | D:12     | Noticed Fannar
 16899 | D:12     | Killed Fannar
 16899 | D:12     | Reached XP level 12. HP: 74/100 MP: 24/24
 17632 | D:13     | Noticed a centaur warrior
 17647 | D:13     | Killed a centaur warrior
 17647 | D:13     | Reached skill level 7 in Shields
 18092 | D:13     | Noticed Kirke
 18126 | D:13     | Killed Kirke
 18388 | D:13     | Reached **** piety under Zin
 18757 | D:13     | Reached skill level 10 in Axes
 18921 | D:13     | Noticed Snorg
 19005 | D:14     | Noticed a two-headed ogre
 19217 | D:13     | Found a gate to the Vaults.
 19217 | D:13     | Noticed a vault guard
 19217 | D:13     | Noticed a vault guard
 19217 | D:13     | Noticed a vault guard
 19217 | D:13     | Noticed a vault guard
 19244 | D:13     | Killed a vault guard
 19251 | D:13     | Killed a vault guard
 19288 | D:13     | Killed a vault guard
 19381 | D:13     | Killed a vault guard
 19381 | D:13     | Reached XP level 13. HP: 63/108 MP: 26/26
 19802 | D:13     | Found Qatzeukh's General Store.
 19821 | D:13     | Killed Snorg
 19821 | D:13     | Reached skill level 8 in Shields
 20230 | D:13     | Bought a potion of heal wounds for 65 gold pieces
 20468 | D:14     | Found a portal to a secret trove of treasure.
 20778 | D:14     | HP: 5/108 [molten gargoyle/bolt of magma (14)]
 21996 | D:9      | Found a staircase to the Orcish Mines.
 22133 | D:9      | Found an opulent altar of Gozag.
 22134 | D:9      | Found a basalt altar of Yredelemnul.
 22180 | D:9      | Found Guhagett's Antique Weapon Boutique.
 22379 | D:9      | Found a staircase to the Lair.
 22974 | Lair:1   | Entered Level 1 of the Lair of Beasts
 23359 | Lair:1   | You fall into a shaft and drop 1 floor!
 23608 | Lair:2   | Noticed Erica
 23655 | Lair:2   | Killed Erica
 24474 | Lair:2   | Reached skill level 10 in Spellcasting
 24499 | Lair:2   | Reached ***** piety under Zin
 25370 | Lair:1   | Got a fading leather armour
 26053 | Lair:3   | Reached XP level 14. HP: 64/118 MP: 28/28
 26426 | Lair:3   | Found a staircase to the Snake Pit.
 27160 | Lair:4   | Reached skill level 9 in Shields
 27821 | Lair:4   | Reached skill level 10 in Stealth
 27922 | Lair:4   | Found a staircase to the Shoals.
 28479 | Lair:4   | Reached skill level 10 in Invocations
 30257 | Lair:5   | Found a runed translucent gate.
 30257 | Lair:5   | Found a runed translucent gate.
 30257 | Lair:5   | Found a runed translucent gate.
 30655 | Lair:5   | Reached ****** piety under Zin
 30709 | Lair:5   | Noticed Ruidais's ghost (journeyman MiFi)
 30991 | Lair:5   | Killed Ruidais's ghost
 31185 | Lair:6   | Entered Level 6 of the Lair of Beasts
 31882 | Lair:6   | Reached skill level 10 in Fighting
 31882 | Lair:6   | Reached skill level 10 in Armour
 32249 | Lair:6   | Reached XP level 15. HP: 103/126 MP: 29/29
 32624 | Lair:6   | Reached skill level 10 in Shields
 33863 | Lair:6   | Reached skill level 10 in Short Blades
 33863 | Lair:6   | Reached skill level 10 in Long Blades
 33863 | Lair:6   | Reached skill level 10 in Maces & Flails
 33863 | Lair:6   | Reached skill level 10 in Polearms
 33863 | Lair:6   | Reached skill level 10 in Staves
 33863 | Lair:6   | Reached skill level 10 in Slings
 33863 | Lair:6   | Reached skill level 10 in Bows
 33863 | Lair:6   | Reached skill level 10 in Crossbows
 33863 | Lair:6   | Reached skill level 10 in Throwing
 33863 | Lair:6   | Reached skill level 10 in Dodging
 33863 | Lair:6   | Reached skill level 10 in Unarmed Combat
 33863 | Lair:6   | Reached skill level 10 in Evocations
 35071 | Lair:6   | Found a staircase to the Slime Pits.
 36120 | D:15     | Entered Level 15 of the Dungeon
 36288 | D:15     | Found a staircase to the Depths.
 36517 | D:15     | Reached skill level 11 in Shields
 36617 | D:15     | Identified a scroll of acquirement
 36629 | D:15     | Acquired the ring "Xarghefiw" {Fire rElec MR++ Str-3 Int-3
                  | Dex+3}
 36638 | D:15     | Found a glowing golden altar of the Shining One.
 37745 | Orc:1    | Entered Level 1 of the Orcish Mines
 37762 | Orc:1    | Noticed an orc warlord
 37929 | D:9      | Killed an orc warlord
 38177 | Orc:1    | Found a roughly hewn altar of Beogh.
 38378 | Orc:2    | Entered Level 2 of the Orcish Mines
 38378 | Orc:2    | Found a burning altar of Makhleb.
 38500 | Orc:2    | Reached XP level 16. HP: 81/136 MP: 31/31
 38645 | Orc:2    | Found a gateway to a bazaar.
 38655 | Bazaar   | Entered a bazaar
 38668 | Bazaar   | Found Loboitz's Armour Emporium.
 38668 | Bazaar   | Found Riles's Weapon Emporium.
 38704 | Bazaar   | Found Ujunt's Distillery.
 38704 | Bazaar   | Found Esas's Gadget Shoppe.
 38741 | Bazaar   | Bought a +2 pair of boots of running for 373 gold pieces
 38741 | Bazaar   | Bought a +1 plate armour of fire resistance for 315 gold
                  | pieces
 38794 | Bazaar   | Bought a potion of haste for 160 gold pieces
 38794 | Bazaar   | Bought a potion of invisibility for 128 gold pieces
 38794 | Bazaar   | Bought a potion of haste for 160 gold pieces
 38794 | Bazaar   | Bought a potion of heal wounds for 80 gold pieces
 38807 | Orc:2    | Found a staircase to the Elven Halls.
 39477 | Orc:2    | Noticed Erolcha
 39492 | Orc:2    | Killed Erolcha
 39704 | Orc:2    | Reached skill level 12 in Shields
 40008 | Orc:2    | Found Zacypuck's Antique Armour Shoppe.
 40008 | Orc:2    | Found Caerism's Assorted Antiques.
 40009 | Orc:2    | Found Nosepef's Weapon Boutique.
 40009 | Orc:2    | Found Riximaot's Antique Armour Emporium.
 40208 | Snake:1  | Entered Level 1 of the Snake Pit
 40287 | Snake:1  | Found a runed translucent gate.
 40291 | Snake:1  | Noticed Tiask's ghost (journeyman MiFi)
 40291 | Snake:1  | Noticed donkeybrains's ghost (journeyman GrFi)
 40292 | Snake:1  | Found a runed translucent gate.
 40292 | Snake:1  | Found a runed translucent gate.
 40349 | Snake:1  | Killed Tiask's ghost
 40495 | Snake:1  | Killed donkeybrains's ghost
 40513 | Snake:1  | Got a twisted hat
 40524 | Snake:1  | Identified the cursed +0 hat of Widuemown {*Slow Regen+
                  | rCorr Str+7} (You found it on level 1 of the Snake Pit)
 41110 | Snake:1  | Noticed Aizul
 41144 | Snake:1  | Killed Aizul
 43565 | Snake:3  | Reached XP level 17. HP: 85/144 MP: 33/33
 44213 | Snake:3  | Noticed Jorgrun
 44511 | Snake:2  | Killed Jorgrun
 45438 | Snake:3  | Noticed Donald
 45451 | Snake:2  | Killed Donald
 45451 | Snake:2  | Reached skill level 10 in Conjurations
 45911 | Snake:3  | Reached skill level 13 in Shields
 46027 | Snake:3  | Noticed Vashnia
 46242 | Snake:3  | Killed Vashnia
 47334 | Snake:3  | Found Apyofyra's Jewellery Shoppe.
 47613 | Snake:3  | Bought an uncursed amulet of reflection for 420 gold pieces
 47769 | Snake:4  | Entered Level 4 of the Snake Pit
 47924 | Shoals:1 | Entered Level 1 of the Shoals
 48404 | Shoals:1 | Reached skill level 10 in Hexes
 48404 | Shoals:1 | Reached skill level 10 in Summonings
 48404 | Shoals:1 | Reached skill level 10 in Necromancy
 48404 | Shoals:1 | Reached skill level 10 in Translocations
 48404 | Shoals:1 | Reached skill level 10 in Transmutations
 48404 | Shoals:1 | Reached skill level 10 in Fire Magic
 48404 | Shoals:1 | Reached skill level 10 in Ice Magic
 48404 | Shoals:1 | Reached skill level 10 in Air Magic
 48404 | Shoals:1 | Reached skill level 10 in Earth Magic
 48404 | Shoals:1 | Reached skill level 10 in Poison Magic
 50840 | Shoals:1 | Lost mutation: You are robust. (+10% HP) [potion of
                  | mutation]
 50840 | Shoals:1 | Lost mutation: You possess an exceptional clarity of mind.
                  | [potion of mutation]
 51790 | Shoals:2 | You fall into a shaft and drop 1 floor!
 54236 | Shoals:2 | Reached XP level 18. HP: 128/140 MP: 34/34
 54437 | Shoals:3 | Found Xaac's Weapon Boutique.
 56254 | Shoals:4 | Entered Level 4 of the Shoals
 56279 | Shoals:4 | Identified the ring of Fuaxteb {Fire +Inv Dex+5 Slay-3}
 56627 | Shoals:4 | Noticed Polyphemus
 56841 | Shoals:3 | Killed Polyphemus
 56841 | Shoals:3 | Reached skill level 14 in Shields
 58437 | Elf:1    | Entered Level 1 of the Elven Halls
 60275 | Elf:1    | Acquired a +7 fustibalus of flaming
 61358 | Elf:2    | Found a huge runed translucent gate.
 61358 | Elf:2    | Found a huge runed translucent gate.
 61359 | Elf:2    | Found a huge runed translucent gate.
 61360 | Elf:2    | Found a huge runed translucent gate.
 61365 | Elf:2    | Found a huge runed translucent gate.
 61761 | Elf:3    | Entered Level 3 of the Elven Halls
 62182 | Elf:3    | Got a distressingly furry scale mail
 62183 | Elf:3    | Identified the cursed +0 scale mail of the Pleiades {+Blink
                  | rF+} (You found it on level 3 of the Elven Halls)
 62402 | Orc:2    | Bought a faintly humming plate armour for 756 gold pieces
 62412 | Orc:2    | Identified the +9 plate armour "Leluh" {rElec Str-4 Int+8
                  | Dex+2} (You bought it in a shop on level 2 of the Orcish
                  | Mines)
 62956 | Elf:3    | Identified the +5 scale mail of Beauty {MR+ Str+4 Stlth+}
                  | (You found it on level 3 of the Elven Halls)
 63292 | Elf:3    | Reached XP level 19. HP: 148/148 MP: 36/36
 63612 | Elf:3    | Identified the cursed +1 ring mail "Teodikid" {rF+}
 64940 | Elf:3    | Identified the +5 rapier of Conflict {venom, MR+}
 65409 | Elf:3    | Reached skill level 15 in Shields
 65474 | Elf:3    | Found Unturph's Antique Weapon Boutique.
 65541 | Elf:3    | Identified the +1 whip of Doom {chaos, rElec}
 65900 | Elf:3    | Identified the cursed -3 kite shield "Roirgh" {-Cast rN+
                  | Dex+4 SInv}
 65904 | Elf:3    | Identified the +7 shortbow of the Pill Bug {vorpal, MR+++
                  | Int+3 Dex+4}
 65904 | Elf:3    | Killed from afar by a deep elf sorcerer

Illustrated notes

Levels and vault maps discovered:
D:1:      dpeg_arrival_rooms_b, layout_rooms, chequers_serial_rivers_micro_b
D:2:      layout_basic, minmay_pentomino_v2
D:3:      layout_rooms, kennysheep_generic_room_9
D:4:      cheibrodos_helix_gallery, layout_basic,
          minmay_temple_entry_proselytizer, abandoned_shop, dk_noncrumbling_3,
          trog_book, uniq_ijyb
D:5:      layout_basic, lemuel_round_altar, hangedman_decor_lopped,
          tso_metal_star, uniq_crazy_yiuf_cottage
D:6:      layout_basic, uniq_blork_the_orc, uniq_grinder, uniq_maggie,
          uniq_sigmund
D:7:      layout_cave_pods, kennysheep_mini, uniq_pikel
D:8:      layout_layer_cave
D:9:      layout_long_grid, gammafunk_temple_overflow_pools,
          david_lair_shrubbed, kennysheep_orc_monster_closet_entryway,
          serial_shops, nicolae_shop_crystal
D:10:     cheibrodos_two_vegetables, layout_loops_ring,
          kennysheep_generic_room_8, uniq_sonja
D:11:     layout_roguey, serial_shops, nicolae_shop_waterfront
D:12:     layout_basic, basic_altar, serial_shops, nicolae_shop_window_shopping,
          uniq_maurice, uniq_fannar
D:13:     layout_roguey, lightli_vaults_fourway_checkpoint, serial_shops, shop,
          uniq_kirke, uniq_snorg
D:14:     layout_cross, enter_trove_0, grunt_decor_arrowhead, minivault_8
D:15:     grunt_enter_depths_magical_seal, layout_layer_cave, old_standard_altar
Temple:   dpeg_five_rooms_temple
Lair:1:   layout_regular_city, serial_bayou_shore_b, serial_bayou_shore_b
Lair:2:   layout_regular_city, cheibrodos_lair_lostbears, grunt_megastairs_3,
          uniq_erica
Lair:3:   wad_woods_structure_01, layout_loops_ring
Lair:4:   layout_hall_layers, elwin_shoals_entry_stream,
          minmay_shattered_shrine, serial_bayou_shore_b, grunt_megastairs_2
Lair:5:   dragon1_lemuel, layout_cave_shapes, gammafunk_ghost_necromancy
Lair:6:   hangedman_lair_tendril_chambers, layout_regular_city,
          hangedman_lair_caniforms_friends, dpeg_slime_entry_corner,
          nicolae_lair_grove_arrangements, serial_bayou_shore_b,
          lemuel_fruit_tree, infiniplex_staircase_pool
Shoals:1: layout_shoals, nicolae_shoals_seven_spires
Shoals:2: layout_shoals
Shoals:3: layout_shoals, serial_shops, shop, nicolae_shoals_water_shrine
Shoals:4: shoals_end_hangedman, layout_shoals, uniq_polyphemus, uniq_louise
Snake:1:  layout_grid_maze, gammafunk_ghost_cemetery, uniq_aizul
Snake:2:  layout_honeycomb
Snake:3:  layout_rooms, serial_shops, shop_fountains, uniq_vashnia,
          uniq_jorgrun, uniq_donald
Snake:4:  snake_pit, layout_cave_town, basic_altar,
          nrook_guardian_serpent_double, serial_bayou_shore_b
Orc:1:    layout_caves, minmay_orc_temple_b
Orc:2:    st_orc_ogre_mass, layout_caves, serial_shops, bzr_entry_lakeside,
          basic_altar, enter_volcano_3, uniq_erolcha
Elf:1:    minmay_elf_arrival_plus, layout_geoelf_octagon,
          hangedman_elf_disciples
Elf:2:    layout_geoelf_octagon, minivault_20
Elf:3:    minmay_elf_hall_x, layout_geoelf_castle, einodemon_crawler_minivault,
          minmay_shop_star

Skill      XL: |  1  2  3  4  5  6  7  8  9 10 11 12 13 14 15 16 17 18 19 |
---------------+----------------------------------------------------------+-----
Conjurations   | 2 3 4 5 6 7 8 9 10 11 | 11.1
Spellcasting   | 5 6 7 8 9 10 11 12 13 | 13.5
Invocations    | 1 2 3 4 5 6 7 8 9 10 11 12 13 | 13.7
Short Blades   | 1 2 3 4 5 6 7 8 9 10 11 12 | 12.7
Long Blades    | 1 2 3 4 5 6 7 8 9 10 11 12 | 12.7
Maces & Flails | 1 2 3 4 5 6 7 8 9 10 11 12 | 12.7
Polearms       | 1 2 3 4 5 6 7 8 9 10 11 12 | 12.7
Staves         | 1 2 3 4 5 6 7 8 9 10 11 12 | 12.7
Slings         | 1 2 3 4 5 6 7 8 9 10 11 12 | 12.7
Bows           | 1 2 3 4 5 6 7 8 9 10 11 12 | 12.7
Crossbows      | 1 2 3 4 5 6 7 8 9 10 11 12 | 12.7
Throwing       | 1 2 3 4 5 6 7 8 9 10 11 12 | 12.7
Dodging        | 1 2 3 4 5 6 7 8 9 10 11 12 | 12.7
Shields        | 1 2 3 4 5 6 7 8 9 11 12 13 14 15 | 15.1
Unarmed Combat | 1 2 3 4 5 6 7 8 9 10 11 12 | 12.7
Evocations     | 1 2 3 4 5 6 7 8 9 10 11 12 | 12.7
Hexes          | 1 2 3 4 5 6 7 8 9 10 | 10.9
Summonings     | 1 2 3 4 5 6 7 8 9 10 | 10.9
Necromancy     | 1 2 3 4 5 6 7 8 9 10 | 10.9
Translocations | 1 2 3 4 5 6 7 8 9 10 | 10.9
Transmutations | 1 2 3 4 5 6 7 8 9 10 | 10.9
Fire Magic     | 1 2 3 4 5 6 7 8 9 10 | 10.9
Ice Magic      | 1 2 3 4 5 6 7 8 9 10 | 10.9
Air Magic      | 1 2 3 4 5 6 7 8 9 10 | 10.9
Earth Magic    | 1 2 3 4 5 6 7 8 9 10 | 10.9
Poison Magic   | 1 2 3 4 5 6 7 8 9 10 | 10.9
Fighting       | 3 4 5 6 7 8 9 10 11 12 13 | 13.0
Armour         | 3 4 5 6 7 8 9 10 11 12 13 | 13.0
Axes           | 7 8 9 10 11 12 13 14 | 14.0
Stealth        | 5 6 7 8 9 10 11 12 13 | 13.3

Action                   |  1- 3 |  4- 6 |  7- 9 | 10-12 | 13-15 | 16-18 | 19-21 || total
-------------------------+-------+-------+-------+-------+-------+-------+-------++-------
Melee: Hand axe          |    76 |   220 |   443 |   300 |       |       |       ||  1039
       Bite              |     9 |    27 |    74 |   131 |   241 |   270 |    18 ||   770
       Punch             |       |     1 |     3 |       |       |       |       ||     4
       Quarterstaff      |       |       |       |   619 |  1983 |  1922 |   165 ||  4689
       Double sword      |       |       |       |       |       |    72 |       ||    72
 Fire: Shortbow          |       |       |       |    34 |    17 |    20 |       ||    71
       Longbow           |       |       |       |       |       |   512 |       ||   512
       Fustibalus        |       |       |       |       |       |    53 |    44 ||    97
Throw: Boomerang         |       |       |     6 |       |       |       |       ||     6
       Stone             |       |       |     2 |       |       |       |       ||     2
       Javelin           |       |       |       |       |       |     1 |       ||     1
Invok: Recite            |       |       |    12 |     8 |     3 |     8 |     1 ||    32
       Imprison          |       |       |       |     3 |       |       |       ||     3
       Vitalisation      |       |       |       |     1 |     2 |     1 |       ||     4
       Sanctuary         |       |       |       |       |       |     2 |       ||     2
 Abil: Evoke Berserk Rag |       |       |       |     6 |    14 |    23 |     6 ||    49
       Evoke Invisibilit |       |       |       |       |       |     4 |       ||     4
       Evoke Flight      |       |       |       |       |       |     1 |       ||     1
Evoke: Wand              |       |       |     8 |    10 |    35 |    19 |     1 ||    73
       Phantom mirror    |       |       |       |       |     1 |     5 |     2 ||     8
  Use: Potion            |       |     5 |     2 |     2 |     4 |    10 |     1 ||    24
       Scroll            |       |     1 |       |     3 |    29 |    14 |     1 ||    48
 Stab: Sleeping          |     5 |     4 |     3 |       |       |       |       ||    12
       Paralysed         |       |       |     7 |    23 |       |       |       ||    30
       Invisible         |       |       |       |     5 |       |     4 |       ||     9
       Confused          |       |       |       |     2 |    10 |     5 |       ||    17
       Distracted        |       |       |       |     1 |     1 |       |       ||     2
Armor: Ring mail         |    31 |    67 |    29 |       |       |       |       ||   127
       Chain mail        |       |       |    66 |       |       |       |       ||    66
       Plate armour      |       |       |    68 |   467 |  1030 |   990 |    80 ||  2635
Dodge: Dodged            |    31 |   120 |   149 |   258 |   658 |   716 |    37 ||  1969
Block: Buckler           |       |       |    62 |    99 |       |       |       ||   161
       Kite shield       |       |       |       |       |       |    79 |       ||    79
       Other             |       |       |       |       |       |   151 |    19 ||   170
       Reflection        |       |       |       |       |       |    34 |     2 ||    36
       Rpst.: Double sword |       |       |       |       |       |    12 |       ||    12

Table legend: (Time is in decaauts)
 A = Elapsed time spent in this place.
 B = Non-inter-level travel time spent in this place.
 C = Inter-level travel time spent in this place.
 D = Time resting spent in this place.
 E = Time spent auto-exploring this place.
 F = Levels seen in this place.
 G = Mean time per level.
                   A        B        C        D        E       F      G
               +--------+--------+--------+--------+--------+-----+--------+
         Total |  63590 |  60177 |   3413 |  20797 |  28499 |  36 | 1766.4 |
       Dungeon |  24930 |  23015 |   1915 |   5536 |  13373 |  15 | 1662.0 |
        Temple |    346 |    224 |    122 |      0 |    182 |   1 |  346.0 |
          Lair |  13057 |  12628 |    429 |   4137 |   6716 |   6 | 2176.2 |
        Shoals |   9021 |   8659 |    362 |   3945 |   3346 |   4 | 2255.2 |
     Snake Pit |   7151 |   6919 |    232 |   3666 |   1871 |   4 | 1787.8 |
  Orcish Mines |   2213 |   2105 |    108 |    656 |    801 |   2 | 1106.5 |
   Elven Halls |   6723 |   6481 |    242 |   2855 |   2141 |   3 | 2241.0 |
        Bazaar |    145 |    145 |      0 |      0 |     66 |   1 |  145.0 |
               +--------+--------+--------+--------+--------+-----+--------+

Top non-repeatable levels by time:
Shoals:3: 4047 daAuts
 Snake:2: 3864 daAuts
  Lair:6: 3627 daAuts
    D:13: 3540 daAuts
   Elf:3: 3193 daAuts
  Lair:4: 2996 daAuts
Shoals:2: 2567 daAuts
Shoals:1: 2313 daAuts
  Lair:5: 2188 daAuts
     D:5: 2187 daAuts
    D:10: 2093 daAuts
    D:12: 2039 daAuts
     D:8: 1996 daAuts
   Elf:1: 1967 daAuts
     D:4: 1851 daAuts
